[Event "21th IPCA World Individual Chp."]
[Site "followchess.com"]
[Date "2022.05.16"]
[Round "9"]
[White "Shapiro, Benny"]
[Black "Obodchuk, Andrei"]
[Result "0-1"]
[WhiteElo "1884"]
[BlackElo "2295"]
[ECO "D85"]
[WhiteFed "ISR"]
[BlackFed "FID"]
[FCGameId "2024062262"]
[WhiteFideId "2801582"]
[BlackFideId "4114310"]
[TimeControl "5400+30"]

1. d4 Nf6 2. Nf3 g6 3. c4 Bg7 4. Nc3 d5 5. cxd5 Nxd5 6. e4 Nxc3 7. bxc3 c5 8. h3 O-O 9. Be3 b6 10. Qd2 Bb7 11. Bd3 cxd4 12. cxd4 Nc6 13. Bc4 Rc8 14. Rc1 Na5 15. Bd3 Rxc1+ 16. Qxc1 Qa8 17. Qb1 Rc8 18. Nd2 e6 19. O-O Rd8 20. Nf3 Nc6 21. Qb2 Qb8 22. Rd1 Qd6 23. Be2 Na5 24. Bd3 f5 25. e5 Qd5 26. Rc1 Rc8 27. Rxc8+ Bxc8 28. Qc2 Qc6 29. Qe2 Qc7 30. Qd2 Bb7 31. Be2 Bd5 32. Bg5 Nc6 33. a3 Bf8 34. Qe3 Na5 35. Bf6 Qc2 36. h4 Qe4 37. a4 Qxe3 38. fxe3 h6 39. Kf2 Kf7 40. Bb5 Bb4 41. Bd8 Nc6 42. Bf6 Nb8 43. Bd8 Nc6 44. Bf6 Be7 45. Bxe7 Kxe7 46. g3 Nb4 47. Ne1 Bb3 48. Ke2 a6 49. Nd3 axb5 50. Nxb4 bxa4 51. Kd2 Bc4 52. Kc3 b5 53. Kb2 Kf7 54. Ka3 g5 55. hxg5 h5 56. Kb2 Kg6 57. Ka3 Kxg5 58. Kb2 Be2 59. Ka3 Bf3 60. Kb2 Bb7 61. Nd3 Kg4 62. Nf4 Bc8 63. Ka3 Kxg3 64. Nxh5+ Kf3 65. Nf6 Kxe3 66. d5 exd5 67. Nxd5+ Kd4 68. Nb6 Be6 69. Kb4 f4 0-1

[Event "21th IPCA World Individual Chp."]
[Site "followchess.com"]
[Date "2022.05.16"]
[Round "9"]
[White "Gerasimova, Svetlana"]
[Black "Mikheev, Stanislav"]
[Result "0-1"]
[WhiteElo "1906"]
[BlackElo "2333"]
[ECO "C53"]
[WhiteFed "FID"]
[BlackFed "SRB"]
[FCGameId "1092956455"]
[WhiteFideId "4145968"]
[BlackFideId "4135920"]
[TimeControl "5400+30"]

1. e4 e5 2. Nf3 Nc6 3. Bc4 Nf6 4. d3 Bc5 5. c3 a6 6. a4 O-O 7. O-O d5 8. exd5 Nxd5 9. d4 exd4 10. 
cxd4 Bb6 11. Nc3 Be6 12. Ng5 Nxc3 13. Qd3 Ne2+ 14. Kh1 g6 15. Nxe6 Nxc1 16. Nxd8 Nxd3 17. Nxc6 Nxb2 18. Ne7+ Kg7 19. Bd5 c6 20. Rab1 Bxd4 21. Bb3 Rfe8 22. Rfe1 Nd3 23. Re2 Nxf2+ 24. Kg1 Ne4+ 25. Kf1 Rxe7 26. Rbe1 Rae8 27. Bc2 Nd2+ 0-1

[Event "21th IPCA World Individual Chp."]
[Site "followchess.com"]
[Date "2022.05.16"]
[Round "9"]
[White "Zilberman, Yaacov"]
[Black "Campos, Eugenio"]
[Result "1-0"]
[WhiteElo "2315"]
[BlackElo "2247"]
[ECO "A75"]
[WhiteFed "ISR"]
[BlackFed "ANG"]
[FCGameId "370280516"]
[WhiteFideId "2801612"]
[BlackFideId "10100156"]
[TimeControl "5400+30"]

1. d4 Nf6 2. c4 c5 3. d5 e6 4. Nc3 exd5 5. cxd5 d6 6. Nf3 g6 7. e4 a6 8. a4 Bg7 9. Be2 O-O 10. O-O Bg4 11. Bg5 Nbd7 12. Nd2 Bxe2 13. Qxe2 Re8 14. a5 Qc7 15. Rfe1 h6 16. Be3 Ne5 17. h3 b5 18. axb6 Qxb6 19. f4 Ned7 20. Nc4 Qc7 21. Qd3 Reb8 22. e5 Ne8 23. e6 Nb6 24. Na5 c4 25. Qd2 Bxc3 26. bxc3 Nf6 27. Nc6 Re8 28. exf7+ Kxf7 29. Bxb6 Qxb6+ 30. Kh2 Qb5 31. Ra5 Qb6 32. Raa1 Qb5 33. Re6 Qc5 34. Ra5 Qb6 35. Rxd6 Qe3 36. Qxe3 Rxe3 37. Ne5+ 1-0

[Event "21th IPCA World Individual Chp."]
[Site "followchess.com"]
[Date "2022.05.16"]
[Round "9"]
[White "Gurbanov, Andrei"]
[Black "Lipilin, Ilia"]
[Result "1-0"]
[WhiteElo "2302"]
[BlackElo "2198"]
[ECO "A80"]
[WhiteFed "ISR"]
[BlackFed "FID"]
[FCGameId "-323426912"]
[WhiteFideId "13503391"]
[BlackFideId "54113245"]
[TimeControl "5400+30"]

1. d4 f5 2. Bg5 h6 3. Bh4 g5 4. Bg3 Bg7 5. e3 c5 6. c3 Qb6 7. Na3 d5 8. Nb5 Na6 9. dxc5 Qxc5 10. Qh5+ Kf8 11. Nf3 Nf6 12. Qg6 Bd7 13. Nbd4 Qb6 14. Bxa6 e6 15. Bd3 f4 16. Bb5 Bxb5 17. Nxb5 fxg3 18. Ne5 gxf2+ 19. Kd1 Kg8 20. Nd4 Rf8 21. Rf1 Qxb2 22. Rb1 Qxa2 23. Rxb7 Qa1+ 24. Kc2 Qa2+ 25. Rb2 Qa4+ 26. Kb1 Qe8 27. Rfxf2 Ne4 28. Rxf8+ Qxf8 29. Qxe6+ Kh7 30. Qg6+ Kg8 31. Nf5 Nd2+ 32. Kc2 Nc4 33. Ne7+ Qxe7 34. Rb8+ 1-0

[Event "21th IPCA World Individual Chp."]
[Site "followchess.com"]
[Date "2022.05.16"]
[Round "9"]
[White "Aleksandrova, Aleksandra"]
[Black "Yarmonov, Igor"]
[Result "0-1"]
[WhiteElo "1687"]
[BlackElo "2394"]
[ECO "D00"]
[WhiteFed "ISR"]
[BlackFed "UKR"]
[FCGameId "1961945735"]
[WhiteFideId "4144198"]
[BlackFideId "14114496"]
[TimeControl "5400+30"]

1. d4 d5 2. e3 Nf6 3. Bd3 e6 4. Nd2 b6 5. f4 Ba6 6. g4 Bxd3 7. cxd3 c5 8. g5 Nfd7 9. dxc5 Bxc5 10. d4 Bd6 11. Qf3 Nc6 12. a3 Rc8 13. b4 Nf8 14. h4 h6 15. Ne2 hxg5 16. hxg5 Rxh1+ 17. Qxh1 Ne7 18. Nf3 Qd7 19. Bd2 Qb5 20. Kf2 Nf5 21. a4 Qd3 22. Rc1 Rc4 23. Rxc4 Qxc4 24. Qb1 Ne7 25. Bc3 f6 26. gxf6 gxf6 27. Nd2 Qc8 28. b5 Nfg6 29. Bb4 Bxb4 30. Qxb4 Qc2 31. a5 bxa5 32. Qxa5 Nh4 33. Qc3 Qd1 34. Qc1 Qxc1 35. Nxc1 Kd7 36. Nd3 Kc7 37. Nb1 Kb6 38. Nc3 Nhf5 39. Nc5 Ka5 40. Na6 Nd6 41. Ke2 Nxb5 42. Nxb5 Kxb5 43. Nc7+ Kc4 44. Nxe6 a5 45. Nc5 Kc3 46. Na4+ Kc2 47. Kf3 f5 48. Ke2 Nc8 49. Nc5 Nb6 0-1

[Event "21th IPCA World Individual Chp."]
[Site "followchess.com"]
[Date "2022.05.16"]
[Round "9"]
[White "Babanov, Aleksandr"]
[Black "Valenta, Vit Vaclav"]
[Result "0-1"]
[WhiteElo "1929"]
[BlackElo "2014"]
[ECO "A38"]
[WhiteFed "FID"]
[BlackFed "CZE"]
[FCGameId "-1887779230"]
[WhiteFideId "24117412"]
[BlackFideId "307440"]
[TimeControl "5400+30"]

1. Nf3 Nf6 2. g3 c5 3. Bg2 Nc6 4. c4 g6 5. Nc3 Bg7 6. O-O O-O 7. e3 d5 8. cxd5 Nxd5 9. d4 Nxc3 10. bxc3 Qa5 11. Qb3 Qc7 12. Ba3 Be6 13. Qb5 cxd4 14. cxd4 a6 15. Qe2 Qa5 16. Qb2 Bd5 17. Bc5 Qxc5 18. Rfc1 Qd6 19. Qe2 Be4 20. a4 Rac8 21. Nd2 Bxg2 22. Kxg2 Nb4 23. Ne4 Qd5 24. f3 a5 25. Nc3 Qc4 26. Qd2 Qd3 27. Ne4 Qxd2+ 28. Nxd2 Nc2 29. Rab1 Nxe3+ 30. Kf2 Bxd4 31. Nb3 Bb6 32. Ke2 Nd5 33. Nd2 Rxc1 34. Rxc1 Be3 35. Rc2 Bxd2 36. Rc5 e6 37. Kxd2 b6 38. Rc6 Rd8 39. Ke2 Rd7 40. h4 Rc7 41. Rd6 Rc4 42. f4 Rxa4 43. Kf3 Kg7 44. Kg4 Ra3 45. h5 Ne3+ 46. Kh3 Nf5 47. Rxb6 Rxg3+ 48. Kh2 a4 49. hxg6 hxg6 50. Ra6 a3 51. Ra5 Rb3 52. Ra7 Nd4 53. Ra4 Rb2+ 54. Kg3 a2 55. f5 Nc2 0-1

[Event "21th IPCA World Individual Chp."]
[Site "followchess.com"]
[Date "2022.05.16"]
[Round "9"]
[White "Alperovich, Asher"]
[Black "Srimskov, Elishar"]
[Result "0-1"]
[WhiteElo "1865"]
[BlackElo "1992"]
[ECO "A66"]
[WhiteFed "ISR"]
[BlackFed "ISR"]
[FCGameId "185179945"]
[WhiteFideId "2803275"]
[BlackFideId "2807254"]
[TimeControl "5400+30"]

1. d4 Nf6 2. c4 e6 3. Nc3 c5 4. d5 exd5 5. cxd5 d6 6. e4 g6 7. f4 Qe7 8. Nf3 Bg7 9. Bb5+ Bd7 10. e5 O-O 11. O-O Ne8 12. Bc4 Bg4 13. Re1 Bxf3 14. Qxf3 dxe5 15. fxe5 Bxe5 16. Bf4 Bd4+ 17. Kh1 Qd8 18. Nb5 Bg7 19. Qg3 Nd7 20. d6 Nef6 21. Be2 Ne4 22. Qe3 Nef6 23. Bf3 a6 24. Nc7 Rb8 25. Rad1 Qc8 26. Qa3 Rd8 27. h3 Bf8 28. Re7 b5 29. Qe3 Nb6 30. Qxc5 Bxe7 31. dxe7 Rxd1+ 32. Bxd1 Nbd7 33. Qd4 Rb7 34. Qd6 Rb6 35. Qd4 Rc6 36. Bg4 Rxc7 37. Bxc7 Qxc7 38. Qxd7 Nxd7 39. e8=Q+ Nf8 40. Qc8 Qxc8 41. Bxc8 a5 42. a3 b4 43. Kg1 bxa3 44. bxa3 Ne6 45. Kf2 Kf8 46. Ke3 Ke7 47. Kd3 Kd6 48. Kc4 Kc6 49. g3 h5 50. h4 Ng7 51. Bh3 f6 52. g4 hxg4 53. Bxg4 Kb6 54. Kd5 Kb5 55. Bd7+ Kb6 56. Kd6 g5 57. hxg5 fxg5 58. Ke5 Nh5 59. Kf5 g4 60. Bc8 g3 0-1

[Event "21th IPCA World Individual Chp."]
[Site "followchess.com"]
[Date "2022.05.16"]
[Round "9"]
[White "Pilimon, Zbigniew"]
[Black "Shchukina, Ekaterina"]
[Result "1-0"]
[WhiteElo "1620"]
[BlackElo "1496"]
[ECO "A57"]
[WhiteFed "POL"]
[BlackFed "FID"]
[FCGameId "-1418995897"]
[WhiteFideId "1110489"]
[BlackFideId "34103055"]
[TimeControl "5400+30"]

1. d4 Nf6 2. c4 c5 3. d5 b5 4. e3 b4 5. b3 g6 6. Bb2 Bg7 7. Bd3 O-O 8. Nf3 d6 9. O-O Nbd7 10. Nbd2 Ng4 11. Bxg7 Kxg7 12. e4 Nge5 13. Bc2 Nxf3+ 14. Nxf3 f6 15. 
Re1 Nb6 16. Nd2 a5 17. f4 Qc7 18. h3 Bd7 19. Nf3 a4 20. Qd2 Ra7 21. e5 Rfa8 22. exf6+ exf6 23. Re7+ Kg8 24. f5 Qd8 25. Rae1 Nc8 26. R7e2 axb3 27. axb3 g5 28. Bb1 Kg7 29. Qb2 Kf7 30. Re3 Qa5 31. Qf2 h6 32. Nd2 Qa1 33. Qe2 Qb2 34. Qh5+ Kg7 35. Re7+ Nxe7 36. Rxe7+ Kh8 37. Qxh6+ Kg8 38. Qg7# 1-0

[Event "21th IPCA World Individual Chp."]
[Site "followchess.com"]
[Date "2022.05.16"]
[Round "9"]
[White "Vardi, Moshe"]
[Black "Klein, Djimmy"]
[Result "1-0"]
[WhiteElo "1631"]
[BlackElo "1392"]
[ECO "C44"]
[WhiteFed "ISR"]
[BlackFed "FRA"]
[FCGameId "-214961027"]
[WhiteFideId "2801710"]
[BlackFideId "20669445"]
[TimeControl "5400+30"]

1. e4 e5 2. Nf3 Nc6 3. d4 exd4 4. Bc4 h6 5. Nxd4 Ne5 6. Bb3 Bd6 7. Nf5 Qf6 8. Nxd6+ cxd6 9. Nc3 Ne7 10. O-O O-O 11. Kh1 Qh4 12. f3 b6 13. Qxd6 N5g6 14. Nd5 Ba6 15. Rd1 Be2 16. Rg1 Kh8 17. Be3 Rac8 18. Rae1 Bb5 19. Nxe7 Nxe7 
20. c3 Rc6 21. Qxd7 Rc5 22. 
Qh3 Qxh3 23. gxh3 Rc6 24. a4 Ba6 25. Rg4 Ng6 26. Reg1 Rd6 27. Bxf7 Rxf7 28. Rxg6 Rxg6 
29. Rxg6 Rxf3 30. Bd4 Rf7 31. Rxh6+ Kg8 32. Rh4 Bb7 33. Kg1 Re7 34. e5 Re6 35. Kf2 Kf7 36. Rf4+ Ke8 37. h4 Rg6 38. Ke3 Bd5 39. h5 Rg5 40. Rh4 Rf5 41. h6 Rf3+ 42. Ke2 gxh6 43. Rxh6 Ke7 44. h4 Rf7 45. h5 Bb3 46. a5 Bc4+ 47. Ke3 bxa5 48. Bxa7 a4 49. Bc5+ Ke8 50. Rh8+ Kd7 51. h6 Ke6 52. Bd6 Bd5 53. Re8+ Kf5 54. Rf8 Kg6 55. Rxf7 Bxf7 56. Bf8 Bg8 57. Bg7 Kf7 58. Kd4 Ke6 59. Kc5 Bh7 60. Kb4 Bc2 61. 
c4 Kf7 62. c5 Ke6 63. c6 Ke7 64. Kc5 Kd8 65. Kd6 Bf5 66. Bf6+ Kc8 67. e6 Kb8 68. e7 Bg6 69. h7 Bxh7 70. e8=Q+ Ka7 71. 
Qe7+ Ka8 72. Qb7# 1-0

[Event "21th IPCA World Individual Chp."]
[Site "followchess.com"]
[Date "2022.05.16"]
[Round "9"]
[White "Cosic, Radoslav"]
[Black "Freiberg, Doron"]
[Result "1-0"]
[WhiteElo "2003"]
[BlackElo "1244"]
[ECO "A04"]
[WhiteFed "CRO"]
[BlackFed "ISR"]
[FCGameId "-894012185"]
[WhiteFideId "14504367"]
[BlackFideId "2841312"]
[TimeControl "5400+30"]

1. Nf3 f5 2. b3 d6 3. d4 Nd7 4. Bb2 Ngf6 5. Ng5 Nb6 6. Nf3 Nbd7 7. Ng5 Nb6 8. c4 c6 9. e3 h6 10. Nf3 e6 11. Nh4 Bd7 12. Ng6 Rg8 13. h4 Qc7 14. a4 O-O-O 15. a5 Na8 16. Bd3 Be8 17. Nxf8 Rxf8 18. Nc3 c5 19. d5 exd5 20. Bxf5+ Bd7 21. Nb5 Qb8 22. Bxd7+ Kxd7 23. Bxf6 Rxf6 24. Qg4+ Kc6 1-0

[Event "21th IPCA World Individual Chp."]
[Site "followchess.com"]
[Date "2022.05.16"]
[Round "9"]
[White "Mekus, Manuela"]
[Black "Volodarsky, Michael"]
[Result "1-0"]
[WhiteElo "1644"]
[BlackElo "1400"]
[ECO "A06"]
[WhiteFed "GER"]
[BlackFed "ISR"]
[FCGameId "2049157180"]
[WhiteFideId "16202562"]
[BlackFideId "2814366"]
[TimeControl "5400+30"]

1. Nf3 d5 2. d3 Nf6 3. c3 e6 4. g3 b6 5. Bg2 Bb7 6. Nbd2 c5 7. O-O Bd6 8. Re1 O-O 9. e4 dxe4 10. dxe4 Bc7 11. Qc2 e5 12. h4 Nc6 13. Nh2 Ba6 14. Re3 Qd7 15. Qa4 Nb8 16. Qb3 Nc6 17. g4 Nxg4 18. Bh3 Qe7 19. Bxg4 Qxh4 20. Rh3 Qf6 21. Ndf3 h6 22. Bf5 Ne7 23. Ng4 Qd6 24. Nfxe5 c4 25. Nxc4 Bxc4 26. Qxc4 Nxf5 27. exf5 Qd1+ 28. Kg2 Rac8 29. f6 Bh2 30. Qf1 Qxg4+ 31. Kxh2 Qf5 32. fxg7 Qe5+ 33. f4 Qf5 34. gxf8=Q+ Kxf8 35. Rxh6 Kg7 36. Rh3 Rc6 37. 
Be3 Rg6 38. Bd4+ f6 39. Qf2 Kf7 40. Rh8 Kg7 41. Rh3 Kf7 42. Re1 
Rg4 43. Rh4 Rxh4+ 44. Qxh4 Qc2+ 45. Bf2 Qf5 46. Re2 Qd3 47. 
Qh5+ 1-0

[Event "21th IPCA World Individual Chp."]
[Site "followchess.com"]
[Date "2022.05.15"]
[Round "8"]
[White "Obodchuk, Andrei"]
[Black "Lipilin, Ilia"]
[Result "1-0"]
[WhiteElo "2295"]
[BlackElo "2198"]
[ECO "D27"]
[WhiteFed "RUS"]
[BlackFed "RUS"]
[FCGameId "1286902950"]
[WhiteFideId "4114310"]
[BlackFideId "54113245"]
[TimeControl "5400+30"]

1. d4 d5 2. Nf3 Nf6 3. c4 dxc4 4. e3 e6 5. Bxc4 a6 6. O-O c5 7. Re1 Nc6 8. Nc3 b5 9. Bd3 Bb7 10. a4 b4 11. Ne4 cxd4 12. exd4 Be7 13. Bf4 Nd5 14. Bg3 O-O 15. Nc5 Bxc5 16. dxc5 Qf6 17. Bh4 Qxb2 18. Re2 Qc3 19. Rc2 Ne3 20. fxe3 Qb3 21. Rc4 Qxd1+ 22. Rxd1 a5 23. Rcc1 h6 24. Be4 g5 25. Bg3 Rfd8 26. Ne5 Rac8 27. Rxd8+ Nxd8 28. Bxb7 Nxb7 29. c6 Nd6 30. Nd7 Ne4 31. Be5 f6 32. Nxf6+ Nxf6 33. Bxf6 Kf7 34. Be5 h5 35. c7 Kg6 36. e4 1-0

[Event "21th IPCA World Individual Chp."]
[Site "followchess.com"]
[Date "2022.05.15"]
[Round "8"]
[White "Mikheev, Stanislav"]
[Black "Gurbanov, Andrei"]
[Result "1-0"]
[WhiteElo "2333"]
[BlackElo "2302"]
[ECO "A09"]
[WhiteFed "SRB"]
[BlackFed "ISR"]
[FCGameId "-714323646"]
[WhiteFideId "4135920"]
[BlackFideId "13503391"]
[TimeControl "5400+30"]

1. c4 e6 2. Nf3 d5 3. g3 dxc4 4. Qa4+ Nd7 5. Bg2 a6 6. Qxc4 b5 7. Qc2 Bb7 8. O-O c5 9. b3 Ngf6 10. Bb2 Be7 11. d3 O-O 12. Nbd2 Qb6 13. Rac1 Rfd8 14. Qb1 Rac8 15. a3 Nb8 16. e3 Qa7 17. b4 cxb4 18. Bd4 Qa8 19. axb4 Nbd7 20. e4 Rxc1 21. Rxc1 Rc8 22. Rxc8+ Qxc8 23. Ne1 e5 24. Ba1 Bd6 25. Nc2 Qc7 26. h3 Nb6 27. Qb3 h6 28. Kh2 Na4 29. d4 exd4 30. Bxd4 Be5 31. f4 Bxd4 32. Nxd4 Qc1 33. Qc2 Qe1 34. N4f3 Qf2 35. Qc7 Qb6 36. Qe7 Bc6 37. Ne5 Be8 38. f5 Nc3 39. Ng4 Nxg4+ 40. hxg4 Bc6 41. f6 Ne2 42. Nf3 Qf2 43. Qd6 Ng1 44. Nxg1 Bxe4 45. Nf3 Bxf3 46. Qd8+ Kh7 47. Qd3+ g6 48. Qxf3 Qb2 49. Qf4 Qc3 50. Qd6 1-0

[Event "21th IPCA World Individual Chp."]
[Site "followchess.com"]
[Date "2022.05.15"]
[Round "8"]
[White "Yarmonov, Igor"]
[Black "Zilberman, Yaacov"]
[Result "1/2-1/2"]
[WhiteElo "2394"]
[BlackElo "2315"]
[ECO "D41"]
[WhiteFed "UKR"]
[BlackFed "ISR"]
[FCGameId "2143772901"]
[WhiteFideId "14114496"]
[BlackFideId "2801612"]
[TimeControl "5400+30"]

1. d4 Nf6 2. c4 e6 3. Nc3 d5 4. Nf3 c5 5. cxd5 Nxd5 6. g3 Nc6 7. Bg2 cxd4 8. Nxd4 Nxc3 9. bxc3 Nxd4 10. cxd4 Bb4+ 11. Kf1 O-O 12. e3 Rb8 13. Qb3 Qa5 14. a3 Bd6 15. Be4 Bd7 16. Kg2 Rfc8 17. Ra2 Bc6 18. Bxc6 bxc6 19. Bd2 Rxb3 20. Bxa5 Rxa3 21. Rxa3 Bxa3 22. Rb1 h5 23. Rb7 c5 24. Rb3 Bb4 25. Bxb4 cxb4 26. Rxb4 a5 27. Ra4 Ra8 28. Kf3 Kf8 29. e4 Ke7 30. Ke3 Kd6 31. Kd3 Kc6 32. Kc4 Kb6 33. Ra2 Rc8+ 34. Kd3 Ra8 35. Kc4 Rc8+ 1/2-1/2

[Event "21th IPCA World Individual Chp."]
[Site "followchess.com"]
[Date "2022.05.15"]
[Round "8"]
[White "Shapiro, Benny"]
[Black "Babanov, Aleksandr"]
[Result "1-0"]
[WhiteElo "1884"]
[BlackElo "1929"]
[ECO "A40"]
[WhiteFed "ISR"]
[BlackFed "RUS"]
[FCGameId "-1993803203"]
[WhiteFideId "2801582"]
[BlackFideId "24117412"]
[TimeControl "5400+30"]

1. d4 g6 2. e4 Bg7 3. c4 d6 4. Nc3 Nc6 5. Be3 e5 6. d5 Nce7 7. Be2 f5 8. f3 Nf6 9. Qd2 O-O 10. Bh6 fxe4 11. fxe4 Ng4 12. Bxg7 Kxg7 13. Nf3 Ng8 14. O-O Bd7 15. b4 Qe7 16. h3 N4h6 17. Qe3 b6 18. c5 Nf7 19. a4 Nf6 20. Nd2 a5 21. cxb6 axb4 22. Nb5 cxb6 23. Qxb6 Rfb8 24. Qe3 Nh5 25. Nc7 Nf4 26. Nxa8 Rxa8 27. Nf3 Ng5 28. Bb5 Bc8 29. Kh2 b3 30. Rab1 Ba6 31. Rf2 Bxb5 32. axb5 Nf7 33. Rxb3 g5 34. b6 Rb8 35. Ra2 g4 36. Ng1 Nh6 37. Ra7 Rb7 38. Rxb7 Qxb7 39. Qc3 Qa6 40. Rb2 Qf1 41. b7 Nd3 42. b8=Q g3+ 43. Kh1 Nf2+ 44. Rxf2 gxf2 45. Qg3+ Kf7 46. Qa7+ Ke8 47. Qgxf2 1-0

[Event "21th IPCA World Individual Chp."]
[Site "followchess.com"]
[Date "2022.05.15"]
[Round "8"]
[White "Alperovich, Asher"]
[Black "Campos, Eugenio"]
[Result "0-1"]
[WhiteElo "1865"]
[BlackElo "2247"]
[ECO "A66"]
[WhiteFed "ISR"]
[BlackFed "ANG"]
[FCGameId "1725341148"]
[WhiteFideId "2803275"]
[BlackFideId "10100156"]
[TimeControl "5400+30"]

1. d4 Nf6 2. c4 c5 3. d5 e6 4. Nc3 exd5 5. cxd5 d6 6. e4 g6 7. f4 a6 8. a4 Bg7 9. Nf3 O-O 10. Be2 Bg4 11. O-O Re8 12. h3 Bxf3 13. Bxf3 Nbd7 14. Re1 Qc7 15. Be3 c4 16. Kh1 Nc5 17. Bxc5 Qxc5 18. e5 dxe5 19. fxe5 Nd7 20. e6 Ne5 21. exf7+ Nxf7 22. Bg4 Ne5 23. Be6+ Kh8 24. Ne4 Qb6 25. Ng5 Rf8 26. Rxe5 Bxe5 27. Nf7+ Rxf7 28. Bxf7 Rf8 29. Qe2 Qxb2 0-1

[Event "21th IPCA World Individual Chp."]
[Site "followchess.com"]
[Date "2022.05.15"]
[Round "8"]
[White "Valenta, Vit Vaclav"]
[Black "Gerasimova, Svetlana"]
[Result "0-1"]
[WhiteElo "2014"]
[BlackElo "1906"]
[ECO "B21"]
[WhiteFed "CZE"]
[BlackFed "RUS"]
[FCGameId "1957565596"]
[WhiteFideId "307440"]
[BlackFideId "4145968"]
[TimeControl "5400+30"]

1. f4 c5 2. e4 d5 3. exd5 Qxd5 4. Nc3 Qd8 5. Nf3 a6 6. a4 Nc6 7. Bc4 Nf6 8. O-O g6 9. d3 Bg7 10. h3 O-O 11. Be3 Nd4 12. Qd2 Rb8 13. a5 Nd7 14. Na4 b5 15. axb6 Nxb6 16. Nxb6 Qxb6 17. Bxd4 cxd4 18. b3 Qd6 19. Ng5 h6 20. Ne4 Qc6 21. Ra5 Rb6 22. Rfa1 Bb7 23. Nc5 h5 24. Nxb7 Qxb7 25. Rxa6 Rxa6 26. Rxa6 Bh6 27. Rxg6+ Kh7 28. Ra6 Qc7 29. Ra5 f5 30. Qe2 Qxa5 0-1

[Event "21th IPCA World Individual Chp."]
[Site "followchess.com"]
[Date "2022.05.15"]
[Round "8"]
[White "Aleksandrova, Aleksandra"]
[Black "Cosic, Radoslav"]
[Result "1-0"]
[WhiteElo "1687"]
[BlackElo "2003"]
[ECO "A45"]
[WhiteFed "ISR"]
[BlackFed "CRO"]
[FCGameId "-1708895354"]
[WhiteFideId "4144198"]
[BlackFideId "14504367"]
[TimeControl "5400+30"]

1. d4 Nf6 2. Nd2 d5 3. e3 e6 4. Bd3 c5 5. c3 Nc6 6. f4 Bd6 7. g3 h5 8. a4 Ng4 9. Ndf3 f5 10. Ne5 O-O 11. h3 Nf6 12. Ng6 Rf7 13. Nf3 c4 14. Bc2 Ne7 15. Nge5 Rf8 16. Nh4 Qe8 17. g4 hxg4 18. hxg4 Bxe5 19. g5 Bxf4 20. exf4 Ng4 21. Qf3 Kf7 22. Bd2 Bd7 23. Ke2 Rh8 24. g6+ Kf6 25. Rag1 Rxh4 26. Rxh4 Nxg6 27. Rhxg4 Ne7 28. Rxg7 Qh8 29. Qg3 Qh5+ 30. Ke1 Rh8 31. Bd1 Qh4 32. Be3 Qxg3+ 33. R1xg3 a5 34. Bg1 Bc6 35. Kf2 Rh4 36. Ke3 Rh1 37. R7g5 Be8 38. Bf3 Rh8 39. Rg2 Bxa4 40. Rh2 Rxh2 41. Bxh2 Bc2 42. Bg3 Be4 43. Bh5 e5 44. dxe5+ Ke6 45. Bh4 b5 46. Rg7 d4+ 47. Kxd4 1-0

[Event "21th IPCA World Individual Chp."]
[Site "followchess.com"]
[Date "2022.05.15"]
[Round "8"]
[White "Srimskov, Elishar"]
[Black "Pilimon, Zbigniew"]
[Result "1-0"]
[WhiteElo "1992"]
[BlackElo "1620"]
[ECO "A15"]
[WhiteFed "ISR"]
[BlackFed "POL"]
[FCGameId "864665149"]
[WhiteFideId "2807254"]
[BlackFideId "1110489"]
[TimeControl "5400+30"]

1. Nf3 Nf6 2. c4 e6 3. Nc3 d5 4. e3 c5 5. cxd5 exd5 6. d4 Nc6 7. Be2 Be7 8. O-O O-O 9. a3 a6 10. dxc5 Bxc5 11. b4 Be7 12. Bb2 b5 13. Nd4 Ne5 14. Qb1 Qb6 15. Rd1 Rd8 16. Nf5 Bf8 17. Nxd5 Nxd5 18. Bxe5 Qe6 19. Bb2 Bb7 20. Bf3 Rac8 21. Nd4 Qe7 22. Qd3 Nb6 23. Bxb7 Qxb7 24. Rac1 Nc4 25. Qe2 Qe4 26. Rc2 Rd6 27. Bc1 Rcd8 28. Re1 h5 29. a4 Rg6 30. f3 Qe5 31. axb5 axb5 32. Nxb5 Bxb4 33. Rf1 Qxb5 34. Qxc4 Qxc4 35. Rxc4 Rb6 36. Kf2 Be7 37. Ke2 Rb3 38. Rd1 Rxd1 39. Kxd1 Bf6 40. Ke2 g6 41. g3 g5 42. h4 Kg7 43. hxg5 Bxg5 44. Rc5 Kg6 45. Rc6+ Bf6 46. 
e4 Rc3 47. Rxf6+ 1-0

[Event "21th IPCA World Individual Chp."]
[Site "followchess.com"]
[Date "2022.05.15"]
[Round "8"]
[White "Shchukina, Ekaterina"]
[Black "Mekus, Manuela"]
[Result "1-0"]
[WhiteElo "1496"]
[BlackElo "1644"]
[ECO "B07"]
[WhiteFed "RUS"]
[BlackFed "GER"]
[FCGameId "-1094516310"]
[WhiteFideId "34103055"]
[BlackFideId "16202562"]
[TimeControl "5400+30"]

1. e4 d6 2. d4 Nd7 3. Nc3 g6 4. Be3 Bg7 5. Bc4 Ngf6 6. f3 c6 7. a3 b5 8. Ba2 Qc7 9. Nge2 a6 10. O-O O-O 11. Qd2 e5 12. Rad1 Nb6 13. dxe5 dxe5 14. Qd6 Qb7 15. b4 Re8 16. Qd2 Be6 17. Bxe6 Rxe6 18. Qc1 Nc4 19. Bf2 Ree8 20. Rd3 Rad8 21. Rfd1 Qc7 22. Nb1 Rxd3 23. cxd3 Nd6 24. Qc3 Nb7 25. Rc1 Rc8 26. 
Nd2 Nd7 27. Nb3 f5 28. Qc2 a5 29. Qa2 Kh8 30. d4 a4 31. Nd2 exd4 32. Nxd4 Qd6 33. Nxb5 Qd3 34. Na7 Rc7 35. b5 c5 36. exf5 gxf5 37. Bg3 Qe3+ 38. Bf2 Qd3 39. Bg3 Ne5 40. Nc6 Qe3+ 41. Bf2 Qe2 42. Re1 Qxb5 43. Nxe5 Re7 44. Nf7+ Rxf7 45. Qxf7 Nd6 46. Qc7 Ne8 47. Qxc5 Qd7 48. Nc4 Nc7 49. Nb6 Qd8 50. Nxa4 Qd7 51. Nb6 Qd8 52. a4 Na6 53. Qc8 Qxc8 54. Nxc8 Bc3 55. Re8+ Kg7 56. Re7+ Kg8 57. Nb6 Nb4 58. Nc4 Nc6 59. Rc7 Ne5 60. Nxe5 Bxe5 61. Ra7 1-0

[Event "21th IPCA World Individual Chp."]
[Site "followchess.com"]
[Date "2022.05.15"]
[Round "8"]
[White "Volodarsky, Michael"]
[Black "Vardi, Moshe"]
[Result "1/2-1/2"]
[WhiteElo "1400"]
[BlackElo "1631"]
[ECO "D21"]
[WhiteFed "ISR"]
[BlackFed "ISR"]
[FCGameId "363336720"]
[WhiteFideId "2814366"]
[BlackFideId "2801710"]
[TimeControl "5400+30"]

1. d4 d5 2. c4 e6 3. Nf3 dxc4 4. Nc3 c5 5. Qa4+ Bd7 6. Qxc4 cxd4 7. Nxd4 a6 8. g3 e5 9. Nf3 Nc6 10. a3 Be6 11. Qe4 Nf6 12. Qb1 h6 13. Bg2 Bb3 14. e3 Bc4 15. b3 Bd3 16. Qb2 e4 17. Nd2 Qe7 18. Ne2 Rd8 19. Nf4 Qd7 20. Qc3 Qg4 21. h4 Nd5 22. Bh3 Qd1+ 23. Kxd1 Nxc3+ 24. Ke1 g6 25. Nxd3 exd3 26. Bb2 Bg7 1/2-1/2

[Event "21th IPCA World Individual Chp."]
[Site "followchess.com"]
[Date "2022.05.15"]
[Round "8"]
[White "Oliel, Yehonatan"]
[Black "Freiberg, Doron"]
[Result "1-0"]
[WhiteElo "1535"]
[BlackElo "1244"]
[ECO "B44"]
[WhiteFed "ISR"]
[BlackFed "ISR"]
[FCGameId "1571615300"]
[WhiteFideId "2834928"]
[BlackFideId "2841312"]
[TimeControl "5400+30"]

1. e4 c5 2. Nf3 Nc6 3. d4 cxd4 4. Nxd4 e6 5. Be2 Qc7 6. Be3 Nf6 7. Nd2 a6 8. f4 Nxd4 9. Bxd4 Qxf4 10. Bf3 Be7 11. O-O Qc7 12. e5 Bc5 13. c3 Bxd4+ 14. cxd4 Nd5 15. Bxd5 exd5 16. Qf3 O-O 17. Qxd5 Qc6 18. Qb3 b5 19. Rac1 Qb6 20. Rf4 d6 21. Nc4 Qc6 
22. Nxd6 Qxc1+ 23. Rf1 Qc7 24. h4 Be6 25. Qe3 Bxa2 26. h5 Bd5 27. Qg5 f6 28. exf6 Ra7 29. Qxd5+ Kh8 30. f7 Qd7 31. h6 Qg4 32. hxg7+ Qxg7 33. Ne8 Qg6 34. Qe5+ Qg7 35. Qxg7# 1-0

[Event "21th IPCA World Individual Chp."]
[Site "followchess.com"]
[Date "2022.05.14"]
[Round "7"]
[White "Zilberman, Yaacov"]
[Black "Obodchuk, Andrei"]
[Result "1/2-1/2"]
[WhiteElo "2315"]
[BlackElo "2295"]
[ECO "E46"]
[WhiteFed "ISR"]
[BlackFed "RUS"]
[FCGameId "-1420275508"]
[WhiteFideId "2801612"]
[BlackFideId "4114310"]
[TimeControl "5400+30"]

1. d4 Nf6 2. c4 e6 3. Nc3 Bb4 4. e3 O-O 5. Be2 d5 6. Nf3 b6 7. O-O Bb7 8. Bd2 Bd6 9. Rc1 a6 10. cxd5 exd5 11. Ne5 c5 12. f4 Nc6 13. Bf3 cxd4 14. Nxc6 Bxc6 15. exd4 Qb8 16. g3 Qb7 17. Qb3 Rfe8 18. Rfe1 b5 19. Rxe8+ Rxe8 20. Re1 Rxe1+ 21. Bxe1 b4 22. Nd1 a5 23. Ne3 Qb6 24. Bf2 a4 25. Qc2 Qb7 26. Ng4 Ne4 27. Ne5 Be8 28. Be3 f6 29. Nd3 Qe7 30. Qc1 h5 31. Nc5 f5 1/2-1/2